Map: Fracture LE

Players

Sketchaphone

  • Race: Zerg Zerg
  • League: Platinum
  • Spawn Location: 5:00

ugilad - Winner!

  • Race: Zerg Zerg
  • League: Platinum
  • Spawn Location: 11:00

VOD

Have the link to the VOD?

Description

Time

  • Played on: Nov. 11, 2018, 2:19 p.m.
  • Length: 14:15
Show
View Real Time Build Order
Export as new Build Order

Sketchaphone Zerg 

Build Orders: Hatch First 

Get SALT Encoding   

  12  0:01  Drone  
  13  0:12  Overlord  
  13  0:18  Drone  
  14  0:31  Drone x2  
  16  0:56  Drone, Extractor  
  16  0:58  Hatchery  
  15  1:11  Spawning Pool  
  15  1:18  Drone  
  15  1:19  Drone  
  16  1:27  Drone  
  17  1:33  Drone  
  18  1:43  Drone  
  19  1:50  Overlord  
  19  2:01  Spine Crawler  
  19  2:03  Zergling x2  
  19  2:04  Metabolic Boost  
  19  2:12  Queen  
  21  2:28  Zergling x2  
  21  2:29  Zergling x2  
  22  2:34  Drone x2  
  22  2:38  Zergling x2  
  22  2:41  Drone  
  23  2:52  Drone x2  
  23  2:55  Drone  
  26  3:05  Baneling Nest, Drone  
  26  3:12  Drone x2  
  28  3:18  Drone x2  
  30  3:36  Overlord  
  30  3:37  Drone  
  30  3:38  Drone  
  32  3:42  Spine Crawler  
  32  3:44  Overlord  
  31  3:53  Drone  
  31  3:54  Drone x3  
  35  4:11  Drone  
  35  4:12  Evolution Chamber  
  35  4:14  Drone  
  35  4:15  Drone x3  
  39  4:17  Overlord  
  39  4:38  Zergling x2, Zerg Melee Weapons Level 1  
  39  4:39  Zergling x10  
  45  4:47  Baneling x2  
  45  4:48  Zergling x4, Baneling x2  
  47  4:58  Zergling x4  
  49  5:04  Hatchery  
  48  5:08  Queen  
  50  5:38  Drone  
  50  5:39  Zergling x16  
  59  5:46  Overlord  
  59  5:58  Overlord x2  
  59  6:04  Queen, Hatchery  
  59  6:06  Overlord  
  60  6:13  Overlord x2  
  60  6:18  Zergling x8  
  60  6:19  Hatchery  
  60  6:24  Spine Crawler  
  60  6:25  Spine Crawler  
  56  6:35  Zergling x12  
  51  6:45  Zergling x6  
  50  6:50  Queen, Drone  
  52  7:04  Baneling  
  52  7:05  Baneling x2  
  52  7:09  Baneling x2  
  52  7:11  Baneling  
  52  7:12  Baneling  
  52  7:49  Zergling x26  
  55  8:10  Zergling x12  
  60  8:14  Drone x2  
  66  8:27  Zergling x16  
  66  8:28  Lair  
  66  8:30  Zerg Ground Armor Level 1  
  66  8:33  Evolution Chamber  
  71  8:34  Zergling x4  
  71  8:43  Hatchery  
  51  9:21  Baneling x3  
  47  9:31  Zergling x22  
  47  9:35  Drone  
  47  9:36  Drone x2  
  49  9:56  Hatchery  
  48  10:05  Zergling x24, Hatchery  
  59  10:17  Zerg Melee Weapons Level 2  
  59  10:18  Roach Warren  
  59  10:19  Overlord  
  58  10:23  Drone  
  58  10:24  Drone x3  
  58  10:26  Extractor  
  48  10:52  Zergling x22  
  57  11:11  Zergling x10  
  58  11:23  Zergling x12  
  64  11:25  Glial Reconstitution  
  64  11:27  Roach  
  64  11:28  Roach x4  
  53  11:44  Roach  
  47  11:53  Queen  
  43  11:55  Zergling x20  
  48  12:10  Zergling x6  
  48  12:11  Zergling x2  
  51  12:17  Drone  
  51  12:20  Drone  
  36  13:07  Roach  
  36  13:09  Drone  
  36  13:10  Drone x2  
  29  13:23  Drone x2  
  18  13:46  Spawning Pool  
  17  13:52  Roach  
Show
View Real Time Build Order
Export as new Build Order

ugilad Zerg - Winner!

Build Orders: Pool First 

Get SALT Encoding   

  12  0:03  Drone  
  13  0:10  Drone  
  14  0:17  Overlord  
  14  0:35  Spawning Pool  
  13  0:38  Drone  
  13  0:41  Drone  
  15  0:45  Drone  
  16  0:51  Drone  
  17  1:14  Hatchery  
  16  1:22  Zergling x6  
  19  1:31  Queen  
  21  1:50  Roach Warren  
  21  1:51  Drone x2  
  21  1:52  Extractor  
  21  1:58  Overlord  
  21  2:07  Drone  
  21  2:30  Drone x2  
  21  2:31  Drone  
  24  2:42  Drone x3  
  24  2:43  Drone x2  
  24  2:44  Queen  
  28  2:48  Drone  
  31  2:53  Roach  
  32  2:58  Spine Crawler  
  31  3:08  Spine Crawler  
  31  3:09  Roach  
  31  3:11  Zergling x2  
  33  3:13  Zergling x2  
  33  3:17  Extractor  
  33  3:20  Roach  
  35  3:27  Overlord  
  35  3:30  Overlord  
  35  3:36  Lair  
  35  3:55  Evolution Chamber  
  35  3:57  Roach x2, Evolution Chamber  
  35  3:59  Roach  
  39  4:04  Roach  
  41  4:14  Queen  
  43  4:20  Roach  
  45  4:27  Zerg Missile Weapons Level 1  
  45  4:30  Drone  
  46  4:33  Drone  
  47  4:39  Glial Reconstitution  
  47  4:43  Drone  
  48  4:47  Drone  
  49  4:55  Drone x2  
  49  4:56  Drone  
  52  5:05  Overlord  
  52  5:11  Zerg Melee Weapons Level 1  
  52  5:18  Overlord x2  
  52  5:27  Metabolic Boost  
  52  5:29  Zergling x4  
  54  5:40  Zergling x10  
  60  5:42  Zergling x2  
  60  5:45  Zergling x2  
  60  5:47  Zergling x2  
  63  5:50  Zergling x2  
  63  6:03  Baneling Nest  
  62  6:26  Drone x2  
  62  6:27  Drone x6  
  62  6:28  Drone x2  
  64  6:37  Roach  
  64  6:38  Roach x3  
  62  6:46  Roach  
  62  6:47  Roach x2  
  63  6:48  Roach  
  63  6:53  Extractor  
  58  6:59  Roach x2  
  62  7:04  Zergling x4  
  64  7:15  Zergling x4  
  64  7:17  Zerg Melee Weapons Level 2  
  64  7:20  Zerg Ground Armor Level 1  
  66  7:28  Zergling x8  
  66  7:29  Zergling x4  
  72  7:33  Zergling x2  
  73  7:42  Zergling x2  
  74  7:48  Drone x2  
  69  8:13  Drone x3  
  69  8:14  Drone x3  
  75  8:30  Baneling  
  75  8:31  Baneling x7  
  75  8:32  Overseer, Baneling x3  
  75  8:33  Hatchery  
  74  8:35  Overlord x3  
  74  8:45  Hydralisk Den  
  74  8:48  Extractor  
  64  9:09  Roach x2  
  71  9:10  Roach x8  
  75  9:18  Roach x3  
  67  9:26  Roach x2  
  58  9:50  Drone  
  58  9:51  Queen x3  
  65  9:53  Drone x4  
  65  9:58  Drone x2  
  65  9:59  Drone  
  72  10:08  Drone x3  
  72  10:13  Muscular Augments  
  75  10:20  Drone x2  
  77  10:21  Lurker Den  
  74  10:47  Roach x4  
  82  10:53  Overlord  
  82  10:54  Overlord x4  
  82  11:04  Hydralisk  
  82  11:06  Drone x2  
  86  11:24  Overlord x2, Grooved Spines  
  86  11:25  Overlord  
  84  11:34  Hydralisk  
  76  11:47  Drone x4  
  76  11:48  Drone x4  
  73  12:12  Hydralisk  
  51  12:33  Spine Crawler  
  50  12:37  Spine Crawler  
  49  12:50  Extractor  
  46  12:55  Zergling x2  
  46  12:56  Zergling x10  
  34  13:07  Queen, Zergling x4  
  27  13:25  Zergling x2  
  22  13:44  Drone x2  
Tags
 
Matchup
ZvZ
Race
Zerg
Replay Pack
init
Spawn Locations
Cross Positions
Add a new tag
Caveats
  • Supply blocks, unpowered buildings, or Contaminate may cause inaccurate times.
  • Supply counts are checked every 10 seconds.